 Dungeon Crawl Stone Soup version 0.28-a0-622-gbaef9634d7 (webtiles) character file.

Game seed: 8262616979032891473

794 funkygono the Digger (level 7, -3/38 HPs)
             Began as a Gargoyle Earth Elementalist on Oct 8, 2021.
             Slain by Duvessa (14 damage)
             ... on level 5 of the Dungeon.
             The game lasted 00:12:48 (5148 turns).

funkygono the Digger (Gargoyle Earth Elementalist)  Turns: 5148, Time: 00:12:48

Health: -3/38      AC:  7    Str: 11    XL:     7   Next: 89%
Magic:  3/14       EV: 12    Int: 18    God:
Gold:   205        SH:  0    Dex: 10    Spells: 12/16 levels left

rFire   . . .      SeeInvis +   u - +3 whip (flame)
rCold   . . .      Faith    .   (no shield)
rNeg    + . .      Spirit   .   b - +1 robe
rPois   ∞          Reflect  .   (no helmet)
rElec   +          Harm     .   (no cloak)
rCorr   .          Rampage  .   (no gloves)
Will    .....                   (no boots)
Stlth   ++........              a - amulet of magic regeneration
HPRegen 0.12/turn               k - ring of see invisible
MPRegen 0.39/turn               (no ring)

@: mighty, very slightly contaminated
A: sickness immunity, AC +4, negative energy resistance 1, electricity
resistance, torment resistance 1, petrification resistance
a: no special abilities


You were on level 5 of the Dungeon.
You visited 1 branch of the dungeon, and saw 6 of its levels.

You collected 205 gold pieces.

Inventory:

Hand Weapons
 c - a +0 whip of venom
 p - a +0 morningstar
 u - a +3 whip of flaming (weapon)
Missiles
 t - 42 stones
Armour
 b - a +1 robe (worn)
 h - a +1 leather armour of fire resistance
 v - a +0 leather armour
Jewellery
 a - an amulet of magic regeneration (around neck)
 k - a ring of see invisible (left hand)
Wands
 g - a wand of acid (2)
 m - a wand of flame (19)
Scrolls
 e - 2 scrolls of amnesia
 l - a scroll of silence
 n - a scroll of enchant weapon
Potions
 d - 3 potions of curing
 f - a potion of mutation
 i - a potion of might
 j - a potion of berserk rage
 o - a potion of invisibility
 q - a potion of flight {unknown}
 r - a potion of magic {unknown}
 s - 2 potions of lignification {unknown}


   Skills:
 + Level 1.1 Fighting
 + Level 1.4 Maces & Flails
 + Level 2.0 Dodging
 - Level 2.1 Stealth
 * Level 5.2 Spellcasting
 * Level 3.3 Conjurations
 + Level 0.7 Transmutations
 * Level 7.0 Earth Magic


You had 12 spell levels left.
You knew the following spells:

 Your Spells              Type           Power      Damage    Failure   Level
a - Sandblast             Erth           58%        2d13      1%          1
b - Stone Arrow           Conj/Erth      46%        3d9       4%          3

Your spell library contained the following spells:

 Spells                   Type           Power      Damage    Failure   Level
 Passwall                 Tmut/Erth      15%        N/A       4%          2
 Slow                     Hex            4%         N/A       21%         2
 Petrify                  Tmut/Erth      18%        N/A       26%         4
 Confusing Touch          Hex            4%         N/A       36%         3
 Vampiric Draining        Necr           2%         2d6       36%         3


Dungeon Overview and Level Annotations

Branches:
Dungeon (6/15)
 Temple: D:4-7

Altars:
Ashenzari
Elyvilon
Fedhas
Gozag
Hepliaklqana
Kikubaaqudgha
Qazlal
Ru
Sif Muna
Uskayaw
Wu Jian
Xom
Zin

Shops:
D:5 **([

Annotations:
D:3 2 transporters, askman's ghost, amateur DsFi
D:5 Duvessa


Innate Abilities, Weirdness & Mutations

You are immune to sickness and miasma.
Your stone body is resilient. (AC +4)
You are immune to poison.
You resist negative energy. (rN+)
You are resistant to electric shocks. (rElec)
You are resistant to unholy torment.
You are immune to petrification.


Message History

Confirm with . or Enter, or press ? or * to list all spells.
Aiming: Sandblast (safe; 1% risk of failure)
Press: ? - help, Shift-Dir - straight line, f/p - Duvessa
Aim: Duvessa, wielding a +0 short sword and wearing a +4 ring mail of poison resistance (moderately wounded, berserk, 86% to hit)
The blast of sand hits Duvessa.
Duvessa is heavily wounded.
Duvessa hits you with a +0 short sword. Duvessa barely misses you.
Casting: Sandblast (safe; 1% risk of failure)
Confirm with . or Enter, or press ? or * to list all spells.
Aiming: Stone Arrow (dangerous; 4% risk of failure)
Press: ? - help, Shift-Dir - straight line, f/p - Duvessa
Aim: Duvessa, wielding a +0 short sword and wearing a +4 ring mail of poison resistance (heavily wounded, berserk, 79% to hit)
You miscast Stone Arrow.
You are very lightly contaminated with residual magic.
Nothing appears to happen.
Duvessa closely misses you.
Casting: Stone Arrow (dangerous; 4% risk of failure)
Confirm with . or Enter, or press ? or * to list all spells.
Aiming: Stone Arrow (dangerous; 4% risk of failure)
Press: ? - help, Shift-Dir - straight line, f/p - Duvessa
Aim: Duvessa, wielding a +0 short sword and wearing a +4 ring mail of poison resistance (heavily wounded, berserk, 79% to hit)
The stone arrow hits Duvessa.
Duvessa is heavily wounded.
Duvessa barely misses you. Duvessa hits you with a +0 short sword!
Casting: Stone Arrow (dangerous; 4% risk of failure)
Confirm with . or Enter, or press ? or * to list all spells.
Aiming: Sandblast (safe; 1% risk of failure)
Press: ? - help, Shift-Dir - straight line, f/p - Duvessa
Aim: Duvessa, wielding a +0 short sword and wearing a +4 ring mail of poison resistance (heavily wounded, berserk, 86% to hit)
The blast of sand hits Duvessa!
Duvessa is heavily wounded.
Duvessa hits you with a +0 short sword.
* * * LOW HITPOINT WARNING * * *
You feel better. Duvessa hits you with a +0 short sword.
* * * LOW HITPOINT WARNING * * *
Duvessa hits you with a +0 short sword!
* * * LOW HITPOINT WARNING * * *
You feel better. Duvessa closely misses you.
You feel very mighty all of a sudden. Duvessa misses you.
Duvessa hits you with a +0 short sword!
You die...

#.###########.## #.# #.#
###.#### #.# #........# #.#
######........# #.#
#.............# #.#
#.....##.###### #.#
##.....##.#.#########.##
......e@................
##.....##)#.#########.†#
###### #.#<........#..#
######.#.#...........
..............###..#.#
##############.##.......#.#
#..............#..........#
#.###............#......#.#
#.# #.##########.#..#......


You could see Duvessa (berserk).

Vanquished Creatures
  2 water moccasins (D:5)
  A black bear (D:4)
  A phantom (D:4)
  A scorpion (D:4)
  Dowan (D:5)
  An orc priest (D:3)
  A hound (D:5)
  2 orc wizards
  An iguana (D:5)
  Ijyb (D:4)
  A hound skeleton (D:4)
  3 adders
  3 gnolls (D:5)
  An adder skeleton (D:4)
  3 worms
  3 dart slugs
  10 orcs
  3 ball pythons
  8 endoplasms
  3 giant cockroaches
  4 hobgoblins
  6 jackals
  2 quokkas
  10 bats
  5 frilled lizards
  7 goblins
  7 kobolds
  4 rats
95 creatures vanquished.

Vanquished Creatures (others)
  A human (D:5)
  An orc (D:4)
  A plant (D:4)
3 creatures vanquished.

Grand Total: 98 creatures vanquished

Notes
Turn   | Place    | Note
-------+----------+-------------------------------------------
     0 | D:1      | funkygono the Gargoyle Earth Elementalist began the quest
                  | for the Orb.
     0 | D:1      | Reached XP level 1. HP: 10/10 MP: 3/3
   356 | D:1      | Reached skill level 4 in Earth Magic
   358 | D:1      | Reached XP level 2. HP: 15/15 MP: 3/5
  1074 | D:2      | Found a faded altar of an unknown god.
  1138 | D:2      | Reached XP level 3. HP: 19/19 MP: 3/6
  1142 | D:2      | Learned a level 3 spell: Stone Arrow
  1905 | D:3      | Reached skill level 5 in Earth Magic
  1916 | D:3      | Reached XP level 4. HP: 24/24 MP: 6/8
  2012 | D:3      | Noticed askman's ghost (amateur DsFi)
  2014 | D:3      | Found a transporter.
  2015 | D:3      | Noticed an ogre
  2019 | D:3      | Found a transporter.
  2190 | D:3      | Found a shimmering altar of Xom.
  2193 | D:3      | Found a sacrificial altar of Ru.
  2200 | D:3      | Found a white marble altar of Elyvilon.
  2201 | D:3      | Found a shimmering blue altar of Sif Muna.
  2201 | D:3      | Found a hazy altar of Hepliaklqana.
  2201 | D:3      | Found a broken altar of Ashenzari.
  2201 | D:3      | Found an opulent altar of Gozag.
  2223 | D:3      | Found a glowing silver altar of Zin.
  2225 | D:3      | Found a hide-covered altar of Uskayaw.
  2571 | D:3      | You fall into a shaft and drop 3 floors!
  2579 | D:5      | Entered Level 5 of the Dungeon
  2601 | D:5      | Found Uxkyryigin's Antique Armour Shop.
  2626 | D:5      | Found Zeijar's Antique Weapon Emporium.
  2669 | D:5      | Noticed Dowan
  2696 | D:5      | Reached XP level 5. HP: 25/28 MP: 3/10
  2741 | D:4      | Noticed a black bear
  2743 | D:4      | Killed a black bear
  2744 | D:4      | Reached skill level 1 in Conjurations
  2765 | D:4      | Reached XP level 6. HP: 24/33 MP: 3/12
  2985 | D:4      | Noticed Ijyb
  2990 | D:4      | Reached skill level 1 in Fighting
  2990 | D:4      | Reached skill level 1 in Maces & Flails
  2990 | D:4      | Reached skill level 6 in Earth Magic
  3182 | D:4      | Found a blossoming altar of Fedhas.
  3183 | D:4      | Found a stormy altar of Qazlal.
  3630 | D:4      | Reached XP level 7. HP: 38/38 MP: 9/13
  3947 | D:4      | Killed Ijyb
  4561 | D:5      | Found an ancient bone altar of Kikubaaqudgha.
  4561 | D:5      | Noticed a human
  4565 | D:5      | Killed a human
  4735 | D:5      | Found an ornate altar of the Wu Jian Council.
  4874 | D:5      | Found Legipte's Serpentskin Sales.
  4880 | D:5      | Reached skill level 5 in Spellcasting
  5040 | D:5      | Found Dipref's Assorted Antiques.
  5123 | D:5      | Killed Dowan
  5124 | D:5      | Reached skill level 7 in Earth Magic
  5137 | D:5      | Noticed Duvessa
  5148 | D:5      | Slain by Duvessa

Illustrated notes

Levels and vault maps discovered:
D:1:      dpeg_arrival_more_subterranean_lakeside_camping, layout_basic,
          minmay_tiny_reverse_x
D:2:      layout_basic, hellmonk_ecumenical_altar_zigzags
D:3:      layout_loops_ring, minitemple, gammafunk_ghost_smash,
          corexii_hall_statues_x, chequers_avenue, serial_bayou_pond_d,
          hex_medium, hangedman_abyss_or_decor_stabs,
          amcnicky_mini_corridor_feature
D:4:      layout_cave_pools, grunt_temple_overflow_forces_of_nature, uniq_ijyb
D:5:      layout_basic, nicolae_wu_jian_wuxing_cycle, tgw_kikubaaqudgha,
          serial_shops, nicolae_shop_trees, nicolae_shop_stone, kennysheep_mini,
          shop, guppyfry_shop_venom, uniq_duvessa
D:6:      cheibrodos_two_vegetables, layout_loops_ring, nrook_uturn

Skill      XL: |  1  2  3  4  5  6  7 |
---------------+----------------------+-----
Earth Magic    | 4 5 6 7 |  7.0
Spellcasting   | 3 4 5 |  5.2
Conjurations   | 1 3 |  3.3
Fighting       | 1 |  1.1
Maces & Flails | 1 |  1.4
Dodging        | 2 |  2.0
Stealth        | |  2.1
Transmutations | |  0.7

Action                   |  1- 3 |  4- 6 |  7- 9 || total
-------------------------+-------+-------+-------++-------
Melee: Club              |     2 |     4 |       ||     6
       Morningstar       |       |    54 |       ||    54
       Whip              |       |       |     9 ||     9
 Cast: Sandblast         |    50 |    37 |     7 ||    94
       Stone Arrow       |       |    20 |    29 ||    49
  Use: Scroll            |       |    11 |     5 ||    16
       Potion            |       |       |     3 ||     3
Armor: Robe              |     6 |    32 |     7 ||    45
Dodge: Dodged            |     4 |    61 |    21 ||    86

Table legend: (Time is in decaauts)
 A = Elapsed time spent in this place.
 B = Non-inter-level travel time spent in this place.
 C = Inter-level travel time spent in this place.
 D = Time resting spent in this place.
 E = Time spent auto-exploring this place.
 F = Levels seen in this place.
 G = Mean time per level.
                   A        B        C        D        E       F      G
               +--------+--------+--------+--------+--------+-----+--------+
         Total |   5180 |   5040 |    140 |    338 |   3839 |   6 |  863.3 |
       Dungeon |   5180 |   5040 |    140 |    338 |   3839 |   6 |  863.3 |
               +--------+--------+--------+--------+--------+-----+--------+

Top non-repeatable levels by time:
     D:3: 1614 daAuts
     D:4: 1066 daAuts
     D:1: 867 daAuts
     D:2: 851 daAuts
     D:5: 772 daAuts
     D:6: 7 daAuts
